 Dungeon Crawl Stone Soup version 0.22-a0-542-gce4f928 (webtiles) character file.

11248 n0claF the Archer (level 11, -1/101 HPs)
             Began as a Centaur Hunter on June 24, 2018.
             Was a High Priest of Okawaru.
             Shot with an arrow by a centaur warrior (10 damage)
             ... on level 11 of the Dungeon.
             The game lasted 00:52:41 (14862 turns).

n0claF the Archer (Centaur Hunter)                 Turns: 14862, Time: 00:52:41

Health: -1/101     AC: 17    Str: 15    XL:     11   Next: 46%
Magic:  11/11      EV:  4    Int: 15    God:    Okawaru [*****.]
Gold:   633        SH:  0    Dex: 13    Spells: 10/10 levels left

rFire    . . .     SeeInvis .   a - +2 shortbow (velocity)
rCold    + . .     Gourm    .   (shield currently unavailable)
rNeg     . . .     Faith    .   i - +3 chain mail {rC+}
rPois    .         Spirit   .   L - +2 helmet "Rithynn" {Int+5}
rElec    .         Reflect  .   (no cloak)
rCorr    .         Harm     +   (no gloves)
MR       +....                  (no barding)
Stlth    ..........             D - amulet of harm
HPRegen  0.26/turn              s - +4 ring of protection
MPRegen  0.12/turn              l - ring of protection from magic

@: drained, very quick
A: large, hooves 3, deformed body, speed 2, tough skin 3
a: Heroism, Finesse, Renounce Religion


You were on level 11 of the Dungeon.
You worshipped Okawaru.
Okawaru was extremely pleased with you.
You were very hungry.

You visited 2 branches of the dungeon, and saw 12 of its levels.
You also visited: Ossuary.

You collected 633 gold pieces.

Inventory:

Hand Weapons
 a - a +2 shortbow of velocity (weapon)
 b - the +8 whip "Snakebite" {curare, rPois, !f}
   (You found it on level 4 of the Dungeon)

   It poisons the flesh of those it strikes.
   It protects you from poison.
Missiles
 y - 152 arrows (quivered)
Armour
 c - a +3 leather armour
   (You took it off an orc on level 8 of the Dungeon)
 h - a +2 leather armour of fire resistance
   (You found it on level 9 of the Dungeon)
 i - a +3 chain mail of cold resistance (worn)
   (Okawaru gifted it to you on level 10 of the Dungeon)
 z - a +2 leather armour of magic resistance
   (You took it off an orc on level 4 of the Dungeon)
 L - the +2 helmet "Rithynn" (worn) {Int+5}
   (You found it on level 7 of the Dungeon)

   It affects your intelligence (+5).
Jewellery
 l - a ring of protection from magic (right hand)
   (You found it on level 2 of the Dungeon)
 n - an uncursed ring of protection from cold
   (You found it on level 2 of the Dungeon)
 s - a +4 ring of protection (left hand)
   (You found it on level 4 of the Dungeon)
 D - an amulet of harm (around neck)
   (You found it on level 7 of the Dungeon)
 E - an uncursed ring of stealth
   (You found it on level 5 of the Dungeon)
Wands
 d - a wand of iceblast (10)
   (You found it on level 3 of the Dungeon)
Scrolls
 g - a scroll of magic mapping
 j - 2 scrolls of remove curse {@r2}
 q - 4 scrolls of enchant weapon
 t - a scroll of amnesia {unknown}
 v - 2 scrolls of fog
 w - 6 scrolls of immolation {!r}
 A - 3 scrolls of teleportation {@r4}
 H - 4 scrolls of blinking
 I - a scroll of enchant armour
 J - 5 scrolls of identify {@r1}
Potions
 f - 2 potions of haste {@q3}
 k - a potion of might {unknown}
 m - 4 potions of curing {@q1}
 o - a potion of ambrosia
 p - 2 potions of flight
 r - a potion of cancellation
 x - a potion of brilliance
 B - a potion of agility
 C - a potion of magic
 K - 4 potions of lignification {unknown}
 N - a potion of resistance {unknown}
Comestibles
 e - 10 rations {!d}


   Skills:
 + Level 10.8(10.4) Fighting
 + Level 8.1(7.7) Maces & Flails
 - Level 14.0(13.6) Bows
 - Level 6.0(5.6) Throwing
 - Level 1.8(1.5) Dodging
 - Level 0.4(0.1) Stealth


You had 10 spell levels left.
You didn't know any spells.
Your spell library contained the following spells:

 Spells                   Type           Power        Failure   Level  Hunger
 Apportation              Tloc           #.....       100%        1    ##.....
 Confuse                  Hex            #.......     100%        3    ####...
 Summon Small Mammal      Summ           #...         100%        1    ##.....
 Animate Skeleton         Necr           N/A          100%        1    ##.....
 Summon Ice Beast         Ice/Summ       #.......     100%        4    #####..
 Call Imp                 Summ           #.......     100%        2    ###....
 Spider Form              Tmut/Pois      #.........   100%        3    ####...
 Blade Hands              Tmut           #.........   100%        5    ######.
 Ice Form                 Ice/Tmut       #.......     100%        4    #####..
 Confusing Touch          Hex            #.....       100%        1    ##.....
 Sticks to Snakes         Tmut           #.......     100%        2    ###....
 Call Canine Familiar     Summ           #.......     100%        3    ####...
 Metabolic Englaciation   Hex/Ice        #.........   100%        5    ######.
 Petrify                  Tmut/Erth      #.......     100%        4    #####..
 Beastly Appendage        Tmut           #.....       100%        1    ##.....
 Summon Lightning Spire   Summ/Air       #.......     100%        4    #####..
 Summon Guardian Golem    Hex/Summ       #.......     100%        3    ####...
 Gell's Gravitas          Tloc           #.........   100%        3    ####...
 Yara's Violent Unravell  Hex/Tmut       #.........   100%        5    ######.


Dungeon Overview and Level Annotations

Branches:
Dungeon (11/15)            Temple (1/1) D:6            Lair (0/6) D:8
    Orc (0/2) D:11

Altars:
Ashenzari
Cheibriados
Dithmenos
Elyvilon
Fedhas
Gozag
Hepliaklqana
Kikubaaqudgha
Makhleb
Nemelex Xobeh
Okawaru
Qazlal
Ru
Sif Muna
Trog
Uskayaw
Vehumet
Wu Jian
Xom
Yredelemnul
Zin
The Shining One

Shops:
D:6 (::%=


Innate Abilities, Weirdness & Mutations

You have hooves in place of feet.
Armour fits poorly on your strangely shaped body.
You cover ground very quickly.
You have extremely tough skin. (AC +3)


Message History

The orc throws a tomahawk.
The tomahawk barely misses you.
Found a tomahawk and 3 scrolls of fear.
Found a staircase to the Orcish Mines.
You see here a tomahawk.
As you read the scroll of teleportation {@r4}, it crumbles to dust.
You feel strangely unstable.
The worker ant zombie bites you but does no damage.
The +8 whip "Snakebite" {curare, rPois, !f} begins to drip with poison!
b - the +8 whip "Snakebite" (weapon)
{curare, rPois, !f} You whack the worker ant zombie!
You kick the worker ant zombie.
An orc comes into view. It is wielding a whip.
The worker ant zombie bites you.
The orc suddenly jeers.
The orc shouts!
You whack the worker ant zombie!
You hear a shout! x2
The orc hits you but does no damage.
You hear a shout!
You whack the worker ant zombie!
You destroy the worker ant zombie!
Okawaru accepts your kill.
Your surroundings suddenly seem different.
A two-headed ogre comes into view.
It is wielding a giant spiked club and a giant club.
The two-headed ogre shouts in stereo!
You hear a shout!
A manticore comes into view.
You hear a shout!
Found a robe.
The +8 whip "Snakebite" {curare, rPois, !f} stops dripping with poison.
a - a +2 shortbow of velocity (weapon)
A centaur warrior comes into view.
The manticore barely misses you.
The manticore claws you but does no damage. x2
The two-headed ogre hits you with a giant spiked club!!
The two-headed ogre hits you with a giant club!!
* * * LOW HITPOINT WARNING * * *
Found 18 gold pieces.
You see here 18 gold pieces.
You now have 633 gold pieces (gained 18).
The manticore flicks its tail.
The volley of spikes hits you!
You see here a scale mail.
The manticore flicks its tail.
The volley of spikes hits you!
The centaur warrior wields a longbow.
The centaur warrior shoots an arrow.
The arrow hits you!
* * * LOW HITPOINT WARNING * * *
You see here an arrow.
The centaur warrior shoots an arrow.
The arrow hits you!!
* * * LOW HITPOINT WARNING * * *
The centaur warrior shoots an arrow.
The arrow hits you!
You die...

### #.#
#<#
########@#
#........#
#c########
#.#
#.####.#
#......#
#####..#
##### #.(#
....# #Hc#


You could see a centaur warrior.

Vanquished Creatures
  2 two-headed ogres
  3 orc sorcerers (D:10)
  A troll (D:10)
  Prince Ribbit (D:7)
  2 hippogriffs (D:8)
  Sigmund (D:2)
  12 yaks
  A hungry ghost (D:8)
  4 sky beasts
  6 ice beasts
  3 black bears
  A phantom (D:8)
  3 orc warriors
  7 ogres
  A necrophage (D:8)
  5 centaurs
  2 crocodiles (D:8)
  A big kobold (D:9)
  8 bullfrogs
  A water moccasin zombie (D:8)
  2 scorpions
  12 killer bees
  2 howler monkeys (D:6)
  8 crimson imps
  A centaur zombie (D:9)
  3 jellies
  6 hounds
  9 orc priests
  7 orc wizards
  Natasha (D:4)
  5 iguanas
  6 worker ants
  3 hound skeletons
  13 mummies (Ossuary)
  A howler monkey zombie (D:2)
  3 worker ant zombies
  10 adders
  10 gnolls
  3 shadow imps
  An ooze (D:3)
  An adder zombie (D:5)
  2 adder skeletons (D:5)
  2 worms (D:2)
  3 dart slugs
  5 leopard geckos
  37 orcs
  5 bats
  2 bat zombies (D:1)
  7 giant cockroaches
  5 hobgoblins
  11 kobolds
  6 quokkas
  A ball python (D:6)
  6 frilled lizards
  A gnoll skeleton (Ossuary)
  6 goblins
  A goblin skeleton (Ossuary)
  5 kobold skeletons (Ossuary)
  A leopard gecko skeleton (D:8)
  An orc skeleton (Ossuary)
  A quokka skeleton (D:4)
  13 rats
  11 rat skeletons (Ossuary)
304 creatures vanquished.

Notes
Turn   | Place    | Note
-------+----------+-------------------------------------------
     0 | D:1      | n0claF the Centaur Hunter began the quest for the Orb.
     0 | D:1      | Reached XP level 1. HP: 17/17 MP: 1/1
   281 | D:1      | Reached XP level 2. HP: 23/24 MP: 2/2
   337 | D:1      | Reached skill level 1 in Throwing
  1027 | D:1      | Reached XP level 3. HP: 30/30 MP: 3/3
  1297 | D:2      | Noticed Sigmund
  2448 | D:2      | Reached skill level 6 in Bows
  2551 | D:2      | Killed Sigmund
  2551 | D:2      | Reached XP level 4. HP: 30/40 MP: 4/4
  2551 | D:2      | Reached XP level 5. HP: 35/46 MP: 5/5
  3239 | D:3      | Reached skill level 7 in Bows
  3486 | D:3      | Reached XP level 6. HP: 52/52 MP: 6/6
  3903 | D:4      | Found the +8 whip "Snakebite" {curare, rPois}
  4402 | D:4      | Noticed Natasha
  4409 | D:4      | Reached XP level 7. HP: 60/60 MP: 7/7
  4424 | D:4      | Killed Natasha
  5035 | D:5      | Entered Level 5 of the Dungeon
  5046 | D:5      | Reached skill level 8 in Bows
  5223 | D:5      | Reached skill level 5 in Fighting
  5233 | D:5      | Reached skill level 5 in Throwing
  5672 | D:5      | Reached XP level 8. HP: 45/70 MP: 8/8
  5770 | D:5      | Reached skill level 9 in Bows
  6171 | D:6      | Found Geocanug's Jewellery Shop.
  6276 | D:6      | HP: 3/70 [orc priest/divine providence (11)]
  6767 | D:6      | Found Ruah Meh's Weapon Boutique.
  7050 | D:6      | Reached skill level 1 in Maces & Flails
  7375 | D:6      | Found Liamieh's Book Shop.
  7383 | D:6      | Found Lickoinui's Food Shoppe.
  7433 | D:6      | Reached skill level 10 in Bows
  7868 | D:6      | Found a staircase to the Ecumenical Temple.
  7879 | Temple   | Entered the Ecumenical Temple
  8140 | Temple   | Became a worshipper of Warmaster Okawaru
  8259 | D:6      | Found Reuq's Book Shoppe.
  8334 | D:6      | Reached XP level 9. HP: 79/79 MP: 9/9
  8913 | D:7      | Reached * piety under Okawaru
  9017 | D:7      | Found a sand-covered staircase.
  9025 | Ossuary  | Entered an ossuary
  9311 | Ossuary  | Reached skill level 11 in Bows
  9433 | D:7      | Noticed Prince Ribbit
  9450 | D:7      | Killed Prince Ribbit
  9711 | D:7      | Found a glowing golden altar of the Shining One.
  9793 | D:7      | Got a smoking helmet
  9812 | D:7      | Identified the +2 helmet "Rithynn" {Int+5} (You found it on level 7 of the Dungeon)
 10047 | D:8      | Reached ** piety under Okawaru
 10112 | D:8      | Reached skill level 5 in Maces & Flails
 10254 | D:8      | Reached XP level 10. HP: 67/90 MP: 10/10
 10309 | D:8      | Reached *** piety under Okawaru
 10363 | D:8      | Reached skill level 12 in Bows
 10539 | D:8      | Found a staircase to the Lair.
 10621 | D:8      | Received a gift from Okawaru
 11759 | D:8      | Reached **** piety under Okawaru
 12160 | D:9      | Reached skill level 13 in Bows
 12562 | D:8      | Reached skill level 10 in Fighting
 12783 | D:9      | Reached XP level 11. HP: 99/99 MP: 11/11
 12846 | D:9      | Reached ***** piety under Okawaru
 12916 | D:9      | Noticed a two-headed ogre
 12975 | D:9      | Killed a two-headed ogre
 13373 | D:10     | Entered Level 10 of the Dungeon
 13706 | D:10     | Found a white marble altar of Elyvilon.
 13712 | D:10     | Noticed a two-headed ogre
 13738 | D:10     | Killed a two-headed ogre
 13738 | D:10     | Received a gift from Okawaru
 13738 | D:10     | Received a gift from Okawaru
 13962 | D:10     | Noticed an orc sorcerer
 14030 | D:10     | Killed an orc sorcerer
 14225 | D:10     | Noticed an orc sorcerer
 14232 | D:10     | Noticed an orc sorcerer
 14242 | D:10     | Killed an orc sorcerer
 14242 | D:10     | Reached skill level 14 in Bows
 14246 | D:10     | Paralysed by an orc sorcerer for 6 turns
 14489 | D:10     | Killed an orc sorcerer
 14828 | D:11     | Found a staircase to the Orcish Mines.
 14833 | D:11     | Noticed a two-headed ogre
 14834 | D:11     | Noticed a centaur warrior
 14862 | D:11     | Shot with an arrow by a centaur warrior

Vault maps used:
D:1:      saegor_arrival_fortress, hangedman_abyss_or_decor_lesser_grid,
          minmay_splitting_lines
D:2:      minmay_misc_feat_encased, uniq_sigmund
D:4:      first_ration, uniq_natasha
D:6:      minmay_temple_entry_overgrown, serial_shops, kennysheep_mini, shop,
          shop, kennysheep_little_box, shop
D:7:      tso_altar, chequers_ossuary_entry_cave, uniq_prince_ribbit1
D:8:      david_lair_generic
D:10:     cheibrodos_wizards_tower, basic_altar
D:11:     kennysheep_windowed_halls, david_orc_2, uniq_erica
Temple:   nicolae_temple_the_god_donut
Ossuary:  ossuary_due_small_catacomb

Skill      XL: |  1  2  3  4  5  6  7  8  9 10 11 |
---------------+----------------------------------+-----
Throwing       | 1 3 4 5 6 |  6.0
Bows           | 6 7 8 10 11 13 14 | 14.0
Fighting       | 3 4 5 7 8 10 | 10.8
Maces & Flails | 2 5 7 8 |  8.1
Dodging        | |  1.8
Stealth        | |  0.4

Action                   |  1- 3 |  4- 6 |  7- 9 | 10-12 || total
-------------------------+-------+-------+-------+-------++-------
Melee: Short sword       |    86 |       |       |       ||    86
       Kick              |    24 |    11 |    41 |    36 ||   112
       Whip              |    22 |    77 |   202 |   135 ||   436
 Fire: Shortbow          |    20 |    44 |   362 |   327 ||   753
  Use: Scroll            |       |       |    15 |     6 ||    21
  Eat: Chunk             |     3 |     6 |    15 |    10 ||    34
Armor: Leather armour    |    52 |    27 |    97 |    77 ||   253
       Chain mail        |       |       |       |    10 ||    10
       Skin              |       |       |       |     2 ||     2
Dodge: Dodged            |    54 |    30 |    93 |   107 ||   284

Table legend:
 A = Spawn XP
 B = Non-spawn XP
 C = Spawn XP percentage of total XP
 D = Spawn monster count
 E = Non-spawn monster count
 F = Spawn count percentage of total count
 G = Total turns spent on level
                    A         B        C        D         E        F      G
               +---------+---------+-------+---------+---------+-------+---------
         Total |       0 |   16069 |   0.0 |       0 |     304 |   0.0 | 14862
               +---------+---------+-------+---------+---------+-------+---------
           D:1 |       0 |      42 |   0.0 |       0 |      22 |   0.0 |  1819
           D:2 |       0 |     292 |   0.0 |       0 |      22 |   0.0 |  1293
           D:3 |       0 |      57 |   0.0 |       0 |      18 |   0.0 |   642
           D:4 |       0 |     480 |   0.0 |       0 |      22 |   0.0 |  1503
           D:5 |       0 |     783 |   0.0 |       0 |      26 |   0.0 |  1297
           D:6 |       0 |    1244 |   0.0 |       0 |      33 |   0.0 |  1988
           D:7 |       0 |    1357 |   0.0 |       0 |      23 |   0.0 |   872
           D:8 |       0 |    5052 |   0.0 |       0 |      57 |   0.0 |  2190
           D:9 |       0 |    2819 |   0.0 |       0 |      30 |   0.0 |  1331
          D:10 |       0 |    3672 |   0.0 |       0 |      18 |   0.0 |  1270
          D:11 |       0 |      16 |   0.0 |       0 |       1 |   0.0 |    44
       Ossuary |       0 |     255 |   0.0 |       0 |      32 |   0.0 |   339
               +---------+---------+-------+---------+---------+-------+---------
